AoeStats
← Sea Shanty 2

Arabian Desert

508945813Analyzed
1v1 RM · 8d ago on Sep 24, 2026· 43m 58s· 2 players
Game mode
Random Map
Map size
Tiny (2 player)
Population
200
Speed
Normal
Resources
Standard
Victory
Conquest
Starting age
Dark Age
Ending age
Imperial Age
RankedLock teamsTeams togetherTeam positionsShared explorationLock speedFull tech treeHidden civsTurbo modeCheats
Victory
Defeat
🇨🇳 Franks · China
1151
+15
🇬🇧 Lithuanians · United Kingdom
1120
-15
Sea Shanty 2
2:40 Loom
9:59 Feudal Age
11:55 Double-Bit Axe
12:52 Horse Collar
19:07 Scale Mail Armor
23:47 Castle Age
23:02 Padded Archer Armor
23:24 Fletching
24:20 Crossbowman
24:55 Town Watch
25:50 Pikeman
32:06 Bow Saw
33:25 Wheelbarrow
37:35 Squires
37:49 Forging
37:55 Chain Mail Armor
38:10 Bodkin Arrow
39:37 Scale Barding Armor
40:07 Iron Casting
47:00 Imperial Age
sb Zilove_
6:49 Loom
9:06 Feudal Age
9:35 Double-Bit Axe
18:08 Wheelbarrow
20:43 Castle Age
19:43 Scale Barding Armor
19:55 Gold Mining
20:43 Town Watch
22:03 Chain Barding Armor
25:10 Bow Saw
28:24 Husbandry
32:09 Imperial Age
31:13 Gold Shaft Mining
31:08 Hand Cart
32:53 Forging
32:34 Cavalier
33:50 Plate Barding Armor
33:43 Stone Mining
35:14 Iron Casting
36:21 Paladin
37:13 Chivalry
38:13 Conscription
39:12 Blast Furnace
41:03 Town Patrol
44:25 Devotion
Connection lost

Rejoining the realm…

Still unreachable

The connection could not be restored.

Session expired

The server has moved on; the page needs a fresh start.